Map: Dusk Towers

Players

Serenade

  • Race: Protoss Protoss
  • League: Diamond

LilDicky - Winner!

  • Race: Terran Terran
  • League: Diamond

VOD

http://www.twitch.tv/tumescentpie

Description

Time

  • Played on: Dec. 6, 2015, 12:26 a.m.
  • Length: 5:57
Show
View Real Time Build Order
Export as new Build Order

Serenade Protoss 

Build Orders: 1 Gate Expand, Oracle Opening 

Get SALT Encoding   

  12  0:01  Probe (Chrono Boost)  
  13  0:12  Probe (Chrono Boost)  
  14  0:18  Pylon  
  14  0:22  Probe (Chrono Boost)  
  15  0:37  Probe (Chrono Boost), Gateway  
  16  0:45  Assimilator  
  16  0:47  Probe (Chrono Boost)  
  17  0:58  Probe (Chrono Boost)  
  18  1:09  Probe (Chrono Boost)  
  19  1:19  Probe (Chrono Boost)  
  20  1:28  Nexus  
  20  1:34  Probe (Chrono Boost)  
  20  1:37  Assimilator  
  21  1:44  Cybernetics Core  
  21  1:53  Probe (Chrono Boost)  
  22  1:57  Assimilator  
  22  1:59  Pylon  
  22  2:08  Probe (Chrono Boost)  
  22  2:18  Probe (Chrono Boost)  
  23  2:23  Adept  
  23  2:29  Mothership Core (Chrono Boost)  
  27  2:40  Stargate  
  27  2:41  Probe (Chrono Boost)  
  28  2:47  Probe (Chrono Boost)  
  29  2:52  Probe (Chrono Boost)  
  29  2:53  Adept  
  29  2:58  Probe (Chrono Boost)  
  33  3:03  Probe (Chrono Boost)  
  34  3:09  Probe (Chrono Boost), Gateway  
  35  3:13  Probe (Chrono Boost)  
  29  3:30  Oracle (Chrono Boost)  
  32  3:39  Pylon  
  32  3:40  Pylon  
  32  3:41  Probe  
  32  3:42  Probe  
  30  4:03  Robotics Facility  
  30  4:09  Probe  
  30  4:10  Probe  
  32  4:18  Adept  
  32  4:19  Probe  
  32  4:22  Probe  
  34  4:30  Probe  
  34  4:35  Probe  
  34  4:37  Adept  
  38  4:40  Probe  
  39  4:47  Probe  
  39  4:51  Probe, Observer (Chrono Boost)  
  41  4:59  Probe  
  42  5:03  Probe  
  42  5:05  Pylon  
  43  5:11  Probe, Adept x2  
  48  5:14  Probe  
  49  5:24  Probe  
  49  5:26  Probe  
  51  5:35  Probe  
  51  5:38  Probe  
Show
View Real Time Build Order
Export as new Build Order

LilDicky Terran - Winner!

Build Orders: MMM Bio 

Get SALT Encoding   

  12  0:03  SCV  
  13  0:15  SCV  
  13  0:19  Supply Depot  
  14  0:27  SCV  
  15  0:34  Refinery  
  15  0:41  SCV  
  16  0:45  Barracks  
  16  0:53  SCV  
  17  1:05  SCV  
  18  1:20  SCV  
  19  1:32  SCV  
  20  1:33  Supply Depot  
  20  1:34  Marine  
  20  1:36  Factory  
  22  1:51  Orbital Command  
  22  1:52  Marine  
  22  1:58  Barracks  
  22  2:13  Barracks  
  22  2:16  Barracks Reactor  
  22  2:20  Refinery  
  22  2:25  Supply Depot  
  22  2:34  SCV  
  23  2:41  Widow Mine  
  25  2:48  SCV  
  25  2:49  Barracks Tech Lab  
  26  2:54  Marine x2  
  28  3:00  SCV, Barracks Tech Lab  
  28  3:08  Stimpack, Marine  
  28  3:12  SCV  
  30  3:17  Widow Mine  
  32  3:24  SCV  
  32  3:25  Combat Shields  
  32  3:26  Marine  
  36  3:27  Marauder  
  36  3:30  Marine  
  36  3:32  Marine  
  38  3:37  SCV  
  39  3:43  Marine  
  40  3:52  Marine  
  40  3:53  Marauder, Marine  
  44  3:57  Supply Depot  
  44  4:08  Starport  
  42  4:15  Marine x2  
  44  4:18  Marauder, Marine  
  47  4:26  Supply Depot  
  47  4:28  SCV  
  48  4:32  Marine  
  49  4:39  Marauder  
  49  4:44  Concussive Shells, Marauder  
  53  4:51  Medivac  
  55  4:53  Marine  
  56  5:07  Marauder x2, Marine  
  56  5:11  Marine  
  56  5:14  SCV  
  63  5:20  Supply Depot  
  61  5:25  Marine  
  61  5:26  SCV  
  63  5:31  Supply Depot  
  63  5:34  Marine  
  62  5:38  SCV  
Tags
 
Add a new tag
Caveats
  • Supply blocks, unpowered buildings, or Contaminate may cause inaccurate times.
  • Supply counts are checked every 10 seconds.